 Dungeon Crawl Stone Soup version 0.22-a0-897-g1b7a381375 (webtiles) character file.

36 Mirvelgyr the Shield-Bearer (level 3, -2/34 HPs)
             Began as a Deep Dwarf Fighter on July 31, 2018.
             Killed by divine providence
             ... invoked by an orc priest
              (13 damage)
             ... on level 2 of the Dungeon.
             The game lasted 00:00:54 (759 turns).

Mirvelgyr the Shield-Bearer (Deep Dwarf Fighter)     Turns: 759, Time: 00:00:55

Health: -2/34      AC:  6    Str: 20    XL:     3   Next: 19%
Magic:  3/3        EV:  7    Int:  8    God:
Gold:   53         SH:  9    Dex: 12    Spells: 2/2 levels left

rFire    . . .     SeeInvis .   a - +0 war axe
rCold    . . .     Gourm    .   c - +0 shield
rNeg     . . .     Faith    .   b - +0 scale mail
rPois    .         Spirit   .   (no helmet)
rElec    .         Reflect  .   (no cloak)
rCorr    .         Harm     .   (no gloves)
MR       .....                  (no boots)
Stlth    ..........             (no amulet)
HPRegen  0.00/turn              (no ring)
MPRegen  0.08/turn              (no ring)

@: non-regenerating
A: damage resistance, heal wounds, sense surroundings 1, no regeneration
a: Heal Wounds


You were on level 2 of the Dungeon.
You were not hungry.

You visited 1 branch of the dungeon, and saw 2 of its levels.

You collected 53 gold pieces.

Inventory:

Hand Weapons
 a - a +0 war axe (weapon)
Armour
 b - a +0 scale mail (worn)
 c - a +0 shield (worn)
Scrolls
 e - a scroll of teleportation {unknown}
 g - a scroll of enchant weapon {unknown}
 h - a scroll of identify {unknown}
 i - a scroll of remove curse {unknown}
 k - a scroll of amnesia {unknown}
Potions
 d - a potion of might
 j - a potion of invisibility {unknown}
 l - a potion of agility {unknown}
Comestibles
 f - 2 rations
 m - 5 chunks of flesh


   Skills:
 + Level 3.0 Fighting
 * Level 2.7 Axes
 + Level 3.6 Armour
 + Level 3.7 Shields


You had 2 spell levels left.
You didn't know any spells.
Your spell library was empty.

Dungeon Overview and Level Annotations

Branches:
Dungeon (2/15)

Altars:
Ashenzari


Innate Abilities, Weirdness & Mutations

You are resistant to damage.
You can heal yourself by infusing magical energy.
You passively map a small area around you.
You do not regenerate.


Message History

You are too injured to fight recklessly!
You are too injured to fight recklessly!
You are too injured to fight recklessly!
You are too injured to fight recklessly!
An orc priest comes into view. It is wielding a club.
The frilled lizard bites you but does no damage.
You hit the frilled lizard.
You kill the frilled lizard!
The kobold throws a stone.
The stone hits you but does no damage.
You hit the orc wizard.
The orc wizard is moderately wounded.
The orc wizard gestures at you while chanting.
The puff of frost hits you!
You closely miss the orc wizard.
The orc wizard is moderately wounded.
The kobold throws a stone.
You block the stone. The orc wizard barely misses you.
The orc priest mumbles some strange prayers to Beogh against you.
Beogh smites you!
You die...

,* , * ..# * ,
, * #..# , ,
##..## ,* * *,
,..... ,,,, ,
.o. , ,# , * ,
..###,.# ,
#.####oK.#,.#
*
#....@.#.#..#
#%.###.#.#..#,
, *
#.....(#....#
* ##.#.....# *
#.###.# ** * ,
######.#...#
...(.#.#.###
#....#...## *
,#.........#


You could see an orc priest, an orc wizard and a kobold.

Vanquished Creatures
  4 dart slugs
  A leopard gecko (D:1)
  4 bats
  A goblin (D:1)
  7 hobgoblins
  2 kobolds (D:1)
  5 frilled lizards
  2 rats (D:1)
26 creatures vanquished.

Notes
Turn   | Place    | Note
-------+----------+-------------------------------------------
     0 | D:1      | Mirvelgyr the Deep Dwarf Fighter began the quest for the Orb.
     0 | D:1      | Reached XP level 1. HP: 20/20 MP: 1/1
    66 | D:1      | Reached XP level 2. HP: 25/27 MP: 2/2
   112 | D:1      | Found a shattered altar of Ashenzari.
   661 | D:1      | Reached XP level 3. HP: 24/34 MP: 3/3
   759 | D:2      | Killed from afar by an orc priest

Vault maps used:
D:1:      minmay_arrival_loop, ashenzari_altar_1

Skill      XL: |  1  2 |
---------------+-------+-----
Fighting       | 3 |  3.0
Axes           | |  2.7
Armour         | |  3.6
Shields        | |  3.7

Action                   || total
-------------------------++-------
Melee: War axe           ||    99
Armor: Scale mail        ||    56
Dodge: Dodged            ||    31
Block: Shield            ||    54

Table legend:
 A = Spawn XP
 B = Non-spawn XP
 C = Spawn XP percentage of total XP
 D = Spawn monster count
 E = Non-spawn monster count
 F = Spawn count percentage of total count
 G = Total turns spent on level
                    A         B        C        D         E        F      G
               +---------+---------+-------+---------+---------+-------+---------
         Total |       0 |      52 |   0.0 |       0 |      26 |   0.0 |   759
               +---------+---------+-------+---------+---------+-------+---------
           D:1 |       0 |      42 |   0.0 |       0 |      21 |   0.0 |   686
           D:2 |       0 |      10 |   0.0 |       0 |       5 |   0.0 |    73
               +---------+---------+-------+---------+---------+-------+---------
